cohdb
Replays
Latest Replays
All Replays
Popular Replays
Top Player Replays
Match Explorer
How It Works
Community
CoH3 Stats
Reddit
Sign in to upload your games and track your stats! →
Sign in with Steam
Match 46724597
Unlisted
Match 46724597
Overview
Messages
Build Orders
End
Pioneer Squad
Construct Infanterie Kompanie
Grenadier Squad
Grenadier Squad
Grenadier Squad
Construct Luftwaffe Kompanie
221 Scout Car
Jäger Squad
Selects Mechanized Battlegroup
Medical Station
Selects Raid Package
✠Kaiser✠ tushkan
Nostalgi@
0
0
Comments
sign in to comment!
No comments posted yet!